 Dungeon Crawl Stone Soup version 0.21.1-1-g345015f (webtiles) character file.

41 suicidejoker the Insei (level 3, -2/23 HPs)
             Began as an Octopode Transmuter on Mar 28, 2018.
             Slain by a jackal (3 damage)
             ... on level 2 of the Dungeon.
             The game lasted 00:03:37 (1218 turns).

suicidejoker the Insei (Octopode Transmuter)        Turns: 1218, Time: 00:03:38

Health: -2/23      AC:  1    Str:  7 (9)  XL:     3   Next: 52%
Magic:  4/6        EV: 13    Int: 14 (15) God:
Gold:   71         SH:  0    Dex: 12 (13) Spells: 5/6 levels left

rFire    . . .     SeeInvis .     - Unarmed
rCold    . . .     Gourm    .   (no shield)
rNeg     . . .     Faith    .   (helmet restricted)
rPois    .         Spirit   .   (no amulet)
rElec    .         Reflect  .   (no ring)
rCorr    .         Harm     .   (no ring)
MR       .....                  (no ring)
Stlth    +++.......             (no ring)
HPRegen  0.07/turn              (no ring)
MPRegen  0.10/turn              (no ring)
                                (no ring)
                                (no ring)

@: appendage (expiring), very slightly contaminated
A: almost no armour, stealthy swim, amphibious, 8 rings, constrict 8, tentacle
spike 3, camouflage 1, gelatinous body 1
a: End Transformation


You were on level 2 of the Dungeon.
You were not hungry.
One of your tentacles had a temporary spike.
You visited 1 branch of the dungeon, and saw 2 of its levels.

You collected 71 gold pieces.

Inventory:

Hand Weapons
 i - a +0 dagger
Missiles
 a - 41 arrows
 f - 88 stones (quivered)
 k - 14 sling bullets
Scrolls
 d - 2 scrolls of remove curse {unknown}
 e - a scroll of teleportation {unknown}
 j - a scroll of identify {unknown}
Books
 b - a book of Changes

   Spells                             Type                      Level
   a - Beastly Appendage              Transmutation                1
   b - Sticks to Snakes               Transmutation                2
   c - Spider Form                    Transmutation/Poison         3
   d - Ice Form                       Ice/Transmutation            4
   e - Blade Hands                    Transmutation                5
Comestibles
 c - 3 rations


   Skills:
 + Level 1.3 Fighting
 + Level 0.1 Short Blades
 + Level 0.6 Throwing
 + Level 2.2 Dodging
 * Level 1.7 Stealth
 + Level 3.3 Unarmed Combat
 + Level 2.3 Spellcasting
 + Level 2.2 Transmutations


You had 5 spell levels left.
You knew the following spells:

 Your Spells              Type           Power        Failure   Level  Hunger
a - Beastly Appendage     Tmut           #.....       10%         1    #......


Dungeon Overview and Level Annotations

Branches:
Dungeon (2/15)

Altars:


Innate Abilities, Weirdness & Mutations

You cannot wear most types of armour.
You are very stealthy in the water. (Stealth+)
You are amphibious.
You can wear up to eight rings at the same time.
You can use your tentacles to constrict eight enemies at once.
Your skin changes colour to match your surroundings (Stealth+).
Your rubbery body absorbs attacks. (AC +1, EV +1)
One of your tentacles bears a large vicious spike.


Message History

The jackal bites you.
* * * LOW HITPOINT WARNING * * *
The jackal barely misses you. x2
You tentacle-slap the jackal. Your grab misses the jackal.
Your tentacle spike misses the jackal.
The jackal is severely wounded.
The jackal misses you. x2
You tentacle-slap the jackal. You grab the jackal.
The jackal is almost dead.
You constrict the jackal.
You kill the jackal!
The jackal barely misses you.
You closely miss the jackal. Your grab misses the jackal.
Your squeeze misses the jackal. The jackal bites you.
* * * LOW HITPOINT WARNING * * *
The jackal closely misses you. The kobold barely misses you.
You tentacle-slap the kobold.
You kill the kobold!
The jackal bites you.
You die...

#.#..#. .####
......##......
#...#.#.....
..>[....
#.?#.#.#
#......#
##r#.###
#h#.####.
##@#......
#..)# #...#
#...# #...#
.......
..........
#..........
###.#....#.#


You could see a jackal and a rat.

Vanquished Creatures
  A leopard gecko (D:1)
  A ball python (D:1)
  3 giant cockroaches (D:1)
  3 goblins (D:1)
  5 hobgoblins (D:1)
  7 jackals
  4 kobolds
  4 bats
  2 frilled lizards (D:1)
  6 rats (D:1)
36 creatures vanquished.

Vanquished Creatures (others)
  4 toadstools (D:1)
4 creatures vanquished.

Grand Total: 40 creatures vanquished

Notes
Turn   | Place    | Note
-------+----------+-------------------------------------------
     0 | D:1      | suicidejoker the Octopode Transmuter began the quest for the Orb.
     0 | D:1      | Reached XP level 1. HP: 13/13 MP: 3/3
   210 | D:1      | Reached XP level 2. HP: 14/18 MP: 5/5
   473 | D:1      | Reached skill level 1 in Stealth
   526 | D:1      | Reached XP level 3. HP: 23/23 MP: 6/6
  1212 | D:2      | HP: 1/23 [jackal (2)]
  1217 | D:2      | HP: 1/23 [jackal (3)]
  1218 | D:2      | Slain by a jackal

Skill      XL: |  1  2 |
---------------+-------+-----
Stealth        | 1 |  1.7
Fighting       | |  1.3
Short Blades   | |  0.1
Throwing       | |  0.6
Dodging        | |  2.2
Unarmed Combat | |  3.3
Spellcasting   | |  2.3
Transmutations | |  2.2

Action                   || total
-------------------------++-------
Melee: Unarmed           ||    42
       Constrict         ||    17
       Tentacles         ||    13
       Dagger            ||    37
       Kick              ||     5
       Punch             ||     2
 Cast: Beastly Appendage ||     7
  Use: Potion            ||     2
 Stab: Sleeping          ||    10
  Eat: Chunk             ||     1
Armor: Skin              ||     5
Dodge: Dodged            ||    64
